 Dungeon Crawl Stone Soup version 0.22-b1-26-g9dbaab1112 (webtiles) character file.

101 Kirk the Magician (level 4, -4/30 HPs)
             Began as a Demonspawn Wizard on Aug 9, 2018.
             Slain by a gnoll
             ... wielding a +0 club
              (10 damage)
             ... on level 3 of the Dungeon.
             The game lasted 00:05:52 (2636 turns).

Kirk the Magician (Demonspawn Wizard)               Turns: 2636, Time: 00:05:52

Health: -4/30      AC:  4    Str: 12    XL:     4   Next: 48%
Magic:  8/10       EV: 12    Int: 25    God:
Gold:   115        SH:  0    Dex: 12    Spells: 2/11 levels left

rFire    . . .     SeeInvis .   m - +1 whip
rCold    . . .     Gourm    .   (no shield)
rNeg     . . .     Faith    .   a - +0 robe
rPois    .         Spirit   .   b - +0 hat
rElec    .         Reflect  .   k - +0 cloak
rCorr    .         Harm     .   (no gloves)
MR       .....                  n - +0 pair of boots
Stlth    +++.......             (no amulet)
HPRegen  0.10/turn              (no ring)
MPRegen  0.12/turn              (no ring)

@: mighty, brilliant, flying, hasted, very quick
A: horns 1, nightstalker 1
a: no special abilities


You were on level 3 of the Dungeon.
You were not hungry.

You visited 1 branch of the dungeon, and saw 3 of its levels.

You collected 115 gold pieces.

Inventory:

Hand Weapons
 c - a +0 blowgun
 m - a +1 whip (weapon)
Missiles
 s - 10 poisoned needles
Armour
 a - a +0 robe (worn)
 b - a +0 hat (worn)
 k - a +0 cloak (worn)
 n - a +0 pair of boots (worn)
 p - a cursed +0 chain mail
Jewellery
 i - an uncursed ring of fire
Scrolls
 j - a scroll of teleportation
Potions
 f - 3 potions of lignification
 t - 2 potions of degeneration
Comestibles
 d - 7 rations


   Skills:
 - Level 1.7 Dodging
 - Level 1.7 Stealth
 + Level 4.2 Spellcasting
 * Level 2.9 Conjurations
   Level 1.0 Summonings
 + Level 0.8 Translocations


You had 2 spell levels left.
You knew the following spells:

 Your Spells              Type           Power        Failure   Level  Hunger
a - Magic Dart            Conj           ####         1%          1    None
b - Blink                 Tloc           N/A          1%          2    None
c - Conjure Flame         Conj/Fire      ####....     1%          3    ##.....
d - Mephitic Cloud        Conj/Pois/Air  ####....     2%          3    ##.....

Your spell library contained the following spells:

 Spells                   Type           Power        Failure   Level  Hunger
 Slow                     Hex            ###.....     1%          2    None
 Call Imp                 Summ           ####....     1%          2    None


Dungeon Overview and Level Annotations

Branches:
Dungeon (3/15)

Altars:
Cheibriados
Makhleb
Okawaru
Xom

Annotations:
D:3 3 runed doors, Arth's ghost, weakling TrFi; Zaque's ghost, amateur MiBe; coier's ghost, novice GnWn


Innate Abilities, Weirdness & Mutations

You have a pair of small horns on your head.
You are slightly more attuned to the shadows.


Message History

The gnoll is moderately wounded.
Coier's ghost hits the withered plant.
The gnoll barely misses you. x2
Casting: Magic Dart (safe; 1% risk of failure)
Confirm with . or Enter, or press ? or * to list all spells.
Aiming: Magic Dart (safe; 1% risk of failure)
Press: ? - help, Shift-Dir - straight line, f/p - gnoll
Aim: a gnoll, wielding a club (moderately wounded)
The magic dart hits the gnoll.
The gnoll is heavily wounded.
Zaque's ghost yells, "Who would have thought, even in death it is a pleasure to sever!"
Coier's ghost hits the withered plant.
The gnoll hits you but does no damage.
Casting: Magic Dart (safe; 1% risk of failure)
Confirm with . or Enter, or press ? or * to list all spells.
Aiming: Magic Dart (safe; 1% risk of failure)
Press: ? - help, Shift-Dir - straight line, f/p - gnoll
Aim: a gnoll, wielding a club (heavily wounded)
The magic dart hits the gnoll.
The gnoll is severely wounded.
The gnoll hits you with a club!
You die...

#.# ##'## ....# ....# ....# ....#
....# ##### ########## ....#
#$P⌠P### #..... ... ....####
8...W#@# #....# #.g .......#
....W#g# #....# #.. .......#
....W+g## #....# #). .......#
.....+..# #....# ### ####...#
.....+..# #....###.. ####...#
.....#..# #......... ...'...#
8....#..######......... ####...#
#?P⌠P##......#....g....
.###...############g...#.........


You could see Arth's ghost, Zaque's ghost, coier's ghost and 2 gnolls.

Vanquished Creatures
  2 adders
  An ooze (D:1)
  2 worms
  4 dart slugs
  A leopard gecko (D:2)
  3 orcs (D:3)
  8 bats
  3 giant cockroaches
  9 goblins
  6 hobgoblins
  2 jackals (D:2)
  6 kobolds
  8 frilled lizards
  5 rats
60 creatures vanquished.

Notes
Turn   | Place    | Note
-------+----------+-------------------------------------------
     0 | D:1      | Kirk the Demonspawn Wizard began the quest for the Orb.
     0 | D:1      | Reached XP level 1. HP: 13/13 MP: 4/4
   166 | D:1      | Gained mutation: You have a pair of small horns on your head. [demonic ancestry]
   166 | D:1      | Reached XP level 2. HP: 8/19 MP: 1/6
   796 | D:1      | Learned a level 2 spell: Blink
   918 | D:1      | Gained mutation: You are slightly more attuned to the shadows. [demonic ancestry]
   918 | D:1      | Reached XP level 3. HP: 24/24 MP: 5/8
  1625 | D:2      | Reached skill level 4 in Spellcasting
  1753 | D:2      | Reached XP level 4. HP: 25/30 MP: 7/10
  1765 | D:2      | Learned a level 3 spell: Conjure Flame
  1769 | D:2      | Learned a level 3 spell: Mephitic Cloud
  1889 | D:2      | Found a shimmering altar of Xom.
  1898 | D:2      | Found a snail-covered altar of Cheibriados.
  2396 | D:3      | Found an iron altar of Okawaru.
  2399 | D:3      | Found a burning altar of Makhleb.
  2538 | D:3      | Found a faded altar of an unknown god.
  2606 | D:3      | Found a runed gate.
  2607 | D:3      | Found a runed gate.
  2607 | D:3      | Found a runed gate.
  2608 | D:3      | Noticed Zaque's ghost (amateur MiBe)
  2608 | D:3      | Noticed Arth's ghost (weakling TrFi)
  2609 | D:3      | Noticed coier's ghost (novice GnWn)
  2636 | D:3      | Slain by a gnoll

Skill      XL: |  1  2  3 |
---------------+----------+-----
Conjurations   | 2 |  2.9
Spellcasting   | 4 |  4.2
Dodging        | |  1.7
Stealth        | |  1.7
Summonings     | |  1.0
Translocations | |  0.8

Action                   |  1- 3 |  4- 6 || total
-------------------------+-------+-------++-------
Melee: Club              |    15 |       ||    15
       Whip              |    32 |     8 ||    40
       Headbutt          |     3 |     1 ||     4
 Cast: Magic Dart        |    90 |    46 ||   136
  Use: Scroll            |       |     8 ||     8
       Potion            |       |     8 ||     8
  Eat: Chunk             |     2 |     3 ||     5
Armor: Robe              |    12 |     2 ||    14
Dodge: Dodged            |    43 |    15 ||    58
